AoeStats
← [GG] Shevchenko 7

Arabian Desert

508552574Analyzed
1v1 RM · 10d ago on Sep 23, 2026· 35m 39s· 2 players
Game mode
Random Map
Map size
Tiny (2 player)
Population
200
Speed
Normal
Resources
Standard
Victory
Conquest
Starting age
Dark Age
Ending age
Imperial Age
RankedLock teamsTeams togetherTeam positionsShared explorationLock speedFull tech treeHidden civsTurbo modeCheats
Victory
Defeat
🇻🇳 Bengalis · Vietnam
1170
+16
🇧🇷 Portuguese · Brazil
1165
-16
[GG] Shevchenko 7
10:31 Feudal Age
9:25 Loom
17:31 Castle Age
19:18 Double-Bit Axe
28:25 Sanctity
30:19 Bow Saw
34:35 Husbandry
34:54 Forging
34:46 Scale Mail Armor
35:32 Murder Holes
35:58 Ballistics
Bad Teddy
7:14 Loom
9:27 Feudal Age
11:43 Double-Bit Axe
13:33 Horse Collar
14:22 Fletching
19:09 Padded Archer Armor
21:16 Castle Age
21:17 Padded Archer Armor
22:31 Wheelbarrow
22:50 Bow Saw
22:54 Bodkin Arrow
24:03 Gold Mining
24:33 Elite Skirmisher
26:13 Ballistics
27:57 Hand Cart
30:34 Murder Holes
34:53 Heavy Plow
36:28 Leather Archer Armor
Connection lost

Rejoining the realm…

Still unreachable

The connection could not be restored.

Session expired

The server has moved on; the page needs a fresh start.